 Dungeon Crawl Stone Soup version 0.18-a0-824-g47fe746 (webtiles) character file.

389 JokEr the Insei (level 6, -5/43 HPs)
             Began as an Octopode Transmuter on Dec 17, 2015.
             Slain by a phantom (8 damage)
             ... on level 4 of the Dungeon.
             The game lasted 00:10:13 (7020 turns).

JokEr the Insei (Octopode Transmuter)               Turns: 7020, Time: 00:10:14

Health: -5/43      AC:  1    Str:  9    XL:     6   Next: 79%
Magic:  9/9        EV:  7    Int: 23    God:
Gold:   268        SH:  0    Dex: 12    Spells: 2 memorised, 4 levels left

rFire  . . .     SeeInvis .       - Unarmed
rCold  . . .     Gourm    .     (no shield)
rNeg   . . .     Faith    .     (helmet restricted)
rPois  .         Spirit   .     (no amulet)
rElec  .         Dismiss  .     l - +5 ring of intelligence
rCorr  .         Reflect  .     (no ring)
SustAt .         Harm     .     (no ring)
MR     .....                    (no ring)
Stlth  ++........               (no ring)
                                (no ring)
                                (no ring)
                                (no ring)

@: appendage, not resistant to hostile enchantments, unstealthy
A: almost no armour, amphibious, 8 rings, constrict 8, tentacle spike 3,
camouflage 1, gelatinous body 1
a: End Transformation


You were on level 4 of the Dungeon.
You were not hungry.
One of your tentacles had a temporary spike.
You visited 1 branch of the dungeon, and saw 4 of its levels.
You also visited: Sewer.

You collected 268 gold pieces.

Inventory:

Missiles
 a - 46 arrows
 h - 10 poisoned arrows (quivered)
Jewellery
 l - a +5 ring of intelligence (left tentacle)
Scrolls
 d - a scroll of magic mapping
 k - 3 scrolls of enchant weapon
 o - 2 scrolls of recharging
 s - a scroll of blinking
Potions
 e - 2 potions of flight
 g - a potion of cure mutation {unknown}
 i - a potion of might {unknown}
 j - a potion of mutation {unknown}
 n - a potion of haste {unknown}
 p - a potion of lignification {unknown}
 q - 2 potions of curing {unknown}
 r - a potion of experience {unknown}
 t - a potion of resistance
Books
 b - a book of Changes

   Spells                             Type                      Level
   a - Beastly Appendage              Transmutation                1
   b - Sticks to Snakes               Transmutation                2
   c - Spider Form                    Transmutation/Poison         3
   d - Ice Form                       Ice/Transmutation            4
   e - Blade Hands                    Transmutation                5
Comestibles
 f - 3 meat rations
 m - 2 fruits


   Skills:
 + Level 3.8 Fighting
 - Level 2.0 Dodging
 + Level 5.0 Unarmed Combat
 - Level 2.0 Spellcasting
 - Level 3.2 Transmutations
 + Level 2.4 Ice Magic


You had 4 spell levels left.
You knew the following spells:

 Your Spells              Type           Power        Failure   Level  Hunger
a - Beastly Appendage     Trmt           ###...       3%          1    #......
b - Ice Form              Ice/Trmt       ###.....     45%         4    #####..


Dungeon Overview and Level Annotations

Branches:
Dungeon (4/15)
 Temple: D:4-7

Altars:
Fedhas
Zin


Innate Abilities, Weirdness & Mutations

You cannot wear most types of armour.
You are amphibious.
You can wear up to eight rings at the same time.
You can use your tentacles to constrict eight enemies at once.
Your skin changes colour to match your surroundings (Stealth).
Your rubbery body absorbs attacks (AC +1).
One of your tentacles bears a large vicious spike.


Message History

You tentacle-slap the phantom.
The phantom is severely damaged.
The phantom misses you.
You tentacle-slap the phantom.
Your tentacle spike misses the phantom.
The phantom is severely damaged.
The phantom barely misses you.
You barely miss the phantom.
You pierce the phantom, but do no damage.
The phantom is severely damaged.
The phantom hits you.
* * * LOW HITPOINT WARNING * * *
You closely miss the phantom.
The phantom is severely damaged.
The phantom barely misses you.
You completely miss the phantom.
The phantom is severely damaged.
The phantom hits you!
* * * LOW HITPOINT WARNING * * *
The phantom hits you!
You die...

.. $. #.# . #.##
####..## ##...#..#
##[....#.#
#.....>..## ##
#W[.......#### ###.
#.@.....#....###...
##.....###.....W.W.
##.....###.......##
#..............####
#.............##...
#........###.......
##.....#.###.###...
##...##.....# #>..
####...##### #...


You could see a phantom.

Vanquished Creatures
  The ghost of tof the Ruffian, an amateur MiMo of Makhleb (D:3)
  A giant frog (Sewer)
  A centaur skeleton (D:4)
  An orc wizard (D:4)
  7 adders
  3 oozes
  5 giant geckos
  5 orcs
  3 ball pythons (Sewer)
  9 bats
  8 giant cockroaches
  7 hobgoblins
  10 jackals
  7 kobolds
  3 quokkas (D:2)
  10 giant newts
  12 goblins
  13 rats
106 creatures vanquished.

Notes
Turn   | Place    | Note
--------------------------------------------------------------
     0 | D:1      | JokEr the Octopode Transmuter began the quest for the Orb.
     0 | D:1      | Reached XP level 1. HP: 13/13 MP: 3/3
   402 | D:1      | Reached XP level 2. HP: 18/18 MP: 3/5
  1350 | D:1      | Reached XP level 3. HP: 22/24 MP: 4/6
  2393 | D:2      | Reached XP level 4. HP: 19/30 MP: 5/7
  2716 | D:2      | Found a blossoming altar of Fedhas.
  3676 | D:2      | Reached XP level 5. HP: 26/36 MP: 6/8
  3680 | D:2      | Reached skill level 4 in Unarmed Combat
  3695 | D:2      | Learned a level 4 spell: Ice Form
  4338 | D:3      | Found a glowing drain.
  4374 | Sewer    | Entered a sewer
  4481 | Sewer    | Reached skill level 1 in Ice Magic
  4659 | Sewer    | Reached XP level 6. HP: 39/42 MP: 9/9
  4944 | D:3      | Noticed tof's ghost (amateur MiMo)
  5629 | D:3      | Killed tof's ghost
  6043 | D:3      | Found a glowing silver altar of Zin.
  6718 | D:4      | Reached skill level 5 in Unarmed Combat
  7020 | D:4      | Slain by a phantom

Vault maps used:
D:1:      minmay_arrival_loop, minmay_misc_feat_tiny, minmay_splitting_lines,
          kennysheep_crisscross
D:2:      fedhas_altar_3
D:3:      zin_statuary, gup_sewer_entry_bubbles
D:4:      minitemple, cheibriados_altar_1, first_bread, grunt_decor_cap,
          uniq_duvessa, uniq_eustachio
Sewer:    sewer_frog_island_01

Action                   |  1- 3 |  4- 6 || total
-------------------------+-------+-------++-------
Melee: Unarmed           |   102 |   200 ||   302
 Cast: Beastly Appendage |    14 |    34 ||    48
       Ice Form          |       |     1 ||     1
  Use: Scroll            |     4 |     6 ||    10
       Potion            |       |     1 ||     1
 Stab: Sleeping          |     2 |     5 ||     7
       Distracted        |       |     1 ||     1
  Eat: Chunk             |     1 |     3 ||     4
       Bread ration      |     1 |     3 ||     4
       Fruit             |       |     1 ||     1
